 Dungeon Crawl Stone Soup version 0.21.0 (webtiles) character file.

352 Timinator the Insei (level 6, -11/47 HPs)
             Began as a Vampire Transmuter on Jan 16, 2018.
             Mangled by a wyvern (15 damage)
             ... on level 4 of the Dungeon.
             The game lasted 00:30:05 (2478 turns).

Timinator the Insei (Vampire Transmuter)            Turns: 2478, Time: 00:30:06

Health: -11/47     AC:  2    Str:  9      XL:     6   Next: 35%
Magic:  9/10       EV: 14    Int: 13 (16) God:
Gold:   227        SH:  0    Dex: 16      Spells: 1/11 levels left

rFire    . . .     SeeInvis +     - Unarmed
rCold    . . .     Gourm    .   (no shield)
rNeg     . . .     Faith    .   b - +0 robe
rPois    .         Spirit   .   (no helmet)
rElec    .         Reflect  .   (no cloak)
rCorr    .         Harm     .   (no gloves)
MR       +....                  (boots currently unavailable)
Stlth    ++........             (no amulet)
HPRegen  0.35/turn              j - ring of protection from magic
MPRegen  0.12/turn              l - ring of flight

@: appendage, very slightly contaminated, regenerating quickly, invisible
A: fangs 3, talons 3, see invisible, unbreathing
a: End Transformation, Evoke Flight


You were on level 4 of the Dungeon.
You were full.
You had grown temporary talons.
You visited 1 branch of the dungeon, and saw 4 of its levels.

You collected 227 gold pieces.

Inventory:

Missiles
 a - 32 arrows
 g - 5 poisoned tomahawks (quivered)
Armour
 b - a +0 robe (worn)
Jewellery
 j - a ring of protection from magic (left hand)
 l - a ring of flight (right hand)
Scrolls
 e - a scroll of immolation {unknown}
 f - a scroll of enchant armour
 h - 2 scrolls of amnesia
 i - 3 scrolls of teleportation
 n - a scroll of enchant weapon {unknown}
Potions
 d - 16 potions of blood
 k - a potion of flight
Books
 c - a book of Changes

   Spells                             Type                      Level
   a - Beastly Appendage              Transmutation                1
   b - Sticks to Snakes               Transmutation                2
   c - Spider Form                    Transmutation/Poison         3
   d - Ice Form                       Ice/Transmutation            4
   e - Blade Hands                    Transmutation                5


   Skills:
 * Level 3.2 Fighting
 * Level 3.7 Dodging
 - Level 0.6 Stealth
 * Level 4.5 Unarmed Combat
 + Level 3.2 Spellcasting
 * Level 3.1 Transmutations


You had one spell level left.
You knew the following spells:

 Your Spells              Type           Power        Failure   Level  Hunger
a - Beastly Appendage     Tmut           ##....       6%          1    #......
b - Blade Hands           Tmut           ##........   86%         5    ######.
c - Ice Form              Ice/Tmut       #.......     75%         4    #####..


Dungeon Overview and Level Annotations

Branches:
Dungeon (4/15)
 Temple: D:4-7

Altars:


Innate Abilities, Weirdness & Mutations

Your natural rate of healing is unusually fast.
You have razor-sharp teeth.
You have supernaturally acute eyesight. (SInv)
You can survive without breathing.
You have claws for feet.


Message History

The wyvern completely misses you.
You hit the wyvern but do no damage. You punch the wyvern, but do no damage.
You bite the wyvern, but do no damage.
The wyvern is almost dead.
The wyvern misses you. The leopard gecko closely misses you.
The wyvern bites you.
You hit the wyvern.
The wyvern is almost dead.
The wyvern closely misses you.
You catch the helpless wyvern completely off-guard!
You hit the wyvern but do no damage. Your bite misses the wyvern.
The wyvern is almost dead.
The wyvern hisses menacingly.
The wyvern barely misses you. The leopard gecko barely misses you.
Casting: Beastly Appendage
Confirm with . or Enter, or press ? or * to list all spells.
Your feet morph into talons.
The wyvern bites you!
* * * LOW HITPOINT WARNING * * *
The leopard gecko closely misses you. The wyvern bites you!
You die...

#######..............#
#...................##
#.#####............##
#.##...#....##
#.##...#.#.#
###.##...# ....##...#
.........# .######@l#
##l.# #.#.#
.....!$###.. ....#.#
#.# .. ..# #.. ... ...
#.## ##. #


You could see a wyvern and a leopard gecko.

Vanquished Creatures
  The ghost of Ahrinia the Skirmisher, an amateur DsBe of Trog (D:3)
  An orc priest (D:2)
  3 orc wizards
  4 gnolls (D:3)
  7 adders
  An ooze (D:3)
  2 worms
  2 dart slugs
  A leopard gecko (D:1)
  9 orcs
  3 goblins
  6 hobgoblins
  3 jackals (D:2)
  6 kobolds
  A quokka (D:3)
  6 bats
  5 rats
61 creatures vanquished.

Notes
Turn   | Place    | Note
-------+----------+-------------------------------------------
     0 | D:1      | Timinator the Vampire Transmuter began the quest for the Orb.
     0 | D:1      | Reached XP level 1. HP: 14/14 MP: 3/3
     4 | D:1      | Reached skill level 1 in Fighting
    59 | D:1      | You fall through a shaft!
   193 | D:1      | Reached XP level 2. HP: 8/22 MP: 5/5
   805 | D:2      | Reached XP level 3. HP: 26/27 MP: 6/6
  1220 | D:2      | Reached XP level 4. HP: 34/34 MP: 5/7
  1685 | D:3      | Noticed Ahrinia's ghost (amateur DsBe)
  1848 | D:3      | Reached XP level 5. HP: 25/39 MP: 7/9
  1922 | D:3      | Reached skill level 4 in Unarmed Combat
  1986 | D:3      | Killed Ahrinia's ghost
  2152 | D:3      | Reached XP level 6. HP: 45/47 MP: 10/10
  2446 | D:4      | Noticed a wyvern
  2454 | D:4      | Learned a level 5 spell: Blade Hands
  2459 | D:4      | Learned a level 4 spell: Ice Form
  2478 | D:4      | Mangled by a wyvern

Skill      XL: |  1  2  3  4  5  6 |
---------------+-------------------+-----
Fighting       | 1 2 3 |  3.2
Dodging        | 3 |  3.7
Unarmed Combat | 4 |  4.5
Spellcasting   | 3 |  3.2
Transmutations | 3 |  3.1
Stealth        | |  0.6

Action                   |  1- 3 |  4- 6 || total
-------------------------+-------+-------++-------
Melee: Unarmed           |   138 |   148 ||   286
       Bite              |     9 |    14 ||    23
       Punch             |     2 |     4 ||     6
       Headbutt          |     2 |     9 ||    11
       Kick              |     3 |     6 ||     9
 Cast: Beastly Appendage |     7 |    13 ||    20
  Use: Potion            |     1 |    11 ||    12
       Scroll            |     1 |     7 ||     8
 Stab: Sleeping          |     1 |       ||     1
       Invisible         |       |     2 ||     2
  Eat: Corpse            |     8 |     5 ||    13
Armor: Robe              |    18 |    13 ||    31
Dodge: Dodged            |    95 |   116 ||   211
